[Event "Open International de Cappelle-la-Grand"]
[Site "Cappelle-la-Grande"]
[Date "2014.03.04"]
[Round "5.1"]
[White "Ganguly, Surya Shekhar"]
[Black "Gupta, Abhijeet"]
[Result "1/2-1/2"]
[WhiteElo "2623"]
[BlackElo "2630"]
[PlyCount "115"]
[EventDate "2014.??.??"]
[TimeControl "6000+2120"]
[WhiteClock "0:14:35"]
[BlackClock "0:22:58"]

1. e4 e5 2. Nf3 Nc6 3. d4 exd4 4. Nxd4 Nf6 5. Nxc6 bxc6 6. e5 Qe7 7. Qe2 Nd5 8.
c4 Nb6 9. Nc3 Qe6 10. Qe4 Ba6 11. b3 Bb4 12. Bd2 Bxc3 13. Bxc3 d5 14. Qf3 dxc4
15. Be2 O-O 16. O-O Rfe8 17. Rfe1 Nd5 18. Bb2 c3 19. Bxa6 cxb2 20. Rab1 Qh6 21.
Rxb2 Rxe5 22. Rxe5 Qc1+ 23. Bf1 Qxb2 24. Re2 Qa3 25. Rc2 Qd6 26. Qe4 a5 27. Rc1
g6 28. Qc4 a4 29. bxa4 Nb6 30. Qe4 Qd5 31. Qe7 Qd6 32. Qxd6 cxd6 33. Rxc6 Nxa4
34. Bc4 Nc3 35. Rc7 Nxa2 36. h4 Nb4 37. Bxf7+ Kh8 38. g4 Nd3 39. Bd5 Rf8 40. f3
Nf4 41. Bf7 h6 42. Rd7 Nd3 43. Rxd6 Ne5 44. Bd5 Nxf3+ 45. Bxf3 Rxf3 46. Rxg6
Kh7 47. h5 Rf7 48. Kh2 Rg7 49. Rxg7+ Kxg7 50. Kg2 Kf6 51. Kf3 Kf7 52. Ke3 Kf6
53. Kf4 Ke6 54. g5 hxg5+ 55. Kxg5 Kf7 56. h6 Kg8 57. Kg6 Kh8 58. h7 1/2-1/2

[Event "Open International de Cappelle-la-Grand"]
[Site "Cappelle-la-Grande"]
[Date "2014.03.04"]
[Round "5.2"]
[White "Ding, Liren"]
[Black "Piorun, Kacper"]
[Result "0-1"]
[WhiteElo "2717"]
[BlackElo "2570"]
[PlyCount "64"]
[EventDate "2014.??.??"]
[TimeControl "6000+1260"]
[WhiteClock "0:04:34"]
[BlackClock "0:02:59"]

1. d4 Nf6 2. c4 g6 3. Nc3 d5 4. Bg5 Bg7 5. Bxf6 Bxf6 6. cxd5 c6 7. e4 O-O 8. e5
Bg7 9. Bc4 b5 10. Bb3 b4 11. Nce2 cxd5 12. Rc1 e6 13. h4 Qb6 14. h5 Nc6 15. Ba4
Bb7 16. h6 Bh8 17. Nf3 f6 18. Nf4 fxe5 19. Nxe6 e4 20. Nfg5 Bxd4 21. O-O Bxf2+
22. Kh1 Nd4 23. Bd7 Nf5 24. Qg4 Ng3+ 25. Qxg3 Bxg3 26. Nxf8 Bf2 27. Nfe6 e3 28.
Nh3 Ba6 29. Nc7 Bxf1 30. Nxa8 Qd6 31. Rc8+ Kf7 32. Rc7 Kf6 0-1

[Event "Open International de Cappelle-la-Grand"]
[Site "Cappelle-la-Grande"]
[Date "2014.03.04"]
[Round "5.3"]
[White "Vovk, Andrey"]
[Black "Heberla, Bartlomiej"]
[Result "1/2-1/2"]
[WhiteElo "2605"]
[BlackElo "2544"]
[PlyCount "110"]
[EventDate "2014.??.??"]
[TimeControl "6000+2100"]
[WhiteClock "0:30:05"]
[BlackClock "0:06:59"]

1. e4 c5 2. Nf3 Nc6 3. d4 cxd4 4. Nxd4 e5 5. Nb5 d6 6. c4 Be7 7. N1c3 a6 8. Na3
Be6 9. Bd3 Nf6 10. Nc2 O-O 11. O-O Rc8 12. Nd5 Nd7 13. b4 Bg5 14. Bd2 h6 15.
Rc1 a5 16. a3 axb4 17. axb4 Ra8 18. Nce3 Nd4 19. Bc3 Ra2 20. Ra1 Rxa1 21. Qxa1
Bxe3 22. Nxe3 Nc6 23. Rd1 Qh4 24. Qa3 Nf6 25. b5 Nd4 26. Qxd6 Ng4 27. Nxg4 Qxg4
28. Ra1 Nf3+ 29. Kh1 Qh5 30. gxf3 Qxf3+ 31. Kg1 Bh3 32. Bf1 Qg4+ 33. Kh1 Qxe4+
34. Kg1 Qg4+ 35. Kh1 Qf3+ 36. Kg1 Qg4+ 37. Kh1 Qf3+ 38. Kg1 Bxf1 39. Rxf1 Qg4+
40. Kh1 Qf3+ 41. Kg1 Qxc3 42. Qc7 Re8 43. Rd1 e4 44. Qxb7 Qxc4 45. Qc6 Qxc6 46.
bxc6 Rc8 47. Rc1 Rc7 48. Kg2 f5 49. Kg3 Kf7 50. h4 g6 51. Kf4 Ke6 52. Rg1 Kf6
53. Rc1 g5+ 54. hxg5+ hxg5+ 55. Ke3 Ke6 1/2-1/2

[Event "Open International de Cappelle-la-Grand"]
[Site "Cappelle-la-Grande"]
[Date "2014.03.04"]
[Round "5.4"]
[White "Maze, Sebastien"]
[Black "Fier, Alexandr"]
[Result "0-1"]
[WhiteElo "2545"]
[BlackElo "2595"]
[PlyCount "86"]
[EventDate "2014.??.??"]
[TimeControl "6000+1490"]
[WhiteClock "0:38:18"]
[BlackClock "1:20:16"]

1. e4 Nf6 2. e5 Nd5 3. d4 d6 4. Nf3 dxe5 5. Nxe5 c6 6. Bc4 g6 7. O-O Bg7 8. Re1
O-O 9. Bb3 Be6 10. Nd2 Nd7 11. Nef3 Nc7 12. Ne4 h6 13. c3 Bxb3 14. Qxb3 Qc8 15.
h3 Ne6 16. Ng3 Nb6 17. Ne5 Nd5 18. Bd2 a5 19. Re4 a4 20. Qc2 c5 21. Rae1 Ra6
22. dxc5 Nxc5 23. Rh4 Re6 24. Nd3 Rxe1+ 25. Nxe1 h5 26. Nd3 Nxd3 27. Qxd3 Rd8
28. Rc4 Qd7 29. Nf1 Nxc3 30. Qxd7 Ne2+ 31. Kh1 Rxd7 32. Rxa4 Bxb2 33. Re4 Nd4
34. Bb4 Nc6 35. g3 e5 36. Kg2 Rd3 37. Rc4 Bd4 38. Bd2 f5 39. Ra4 Kf7 40. Ra8
Bb6 41. Be3 Ba5 42. h4 Ra3 43. Nd2 Rxe3 0-1

[Event "Open International de Cappelle-la-Grand"]
[Site "Cappelle-la-Grande"]
[Date "2014.03.04"]
[Round "5.5"]
[White "Ulibin, Mikhail"]
[Black "Gurevich, Mikhail"]
[Result "1/2-1/2"]
[WhiteElo "2491"]
[BlackElo "2574"]
[PlyCount "40"]
[EventDate "2014.??.??"]
[TimeControl "6000+990"]
[WhiteClock "0:18:22"]
[BlackClock "0:44:20"]

1. e4 e6 2. d4 d5 3. Nd2 c5 4. Ngf3 Nf6 5. exd5 exd5 6. Bb5+ Bd7 7. Bxd7+ Nbxd7
8. O-O Be7 9. dxc5 Nxc5 10. Re1 O-O 11. Nf1 Re8 12. Be3 Rc8 13. c3 a6 14. Qc2
Qa5 15. a4 Qc7 16. Bd4 Ncd7 17. Ne3 Bc5 18. Qb3 Bxd4 19. cxd4 Qb6 20. Qa3 Nf8
1/2-1/2

[Event "Open International de Cappelle-la-Grand"]
[Site "Cappelle-la-Grande"]
[Date "2014.03.04"]
[Round "5.6"]
[White "Kovacevic, Aleksandar"]
[Black "Martynov, Pavel"]
[Result "1/2-1/2"]
[WhiteElo "2572"]
[BlackElo "2352"]
[PlyCount "81"]
[EventDate "2014.??.??"]
[TimeControl "6000+1040"]
[WhiteClock "0:31:45"]
[BlackClock "0:38:54"]

1. e4 e6 2. d4 d5 3. Nd2 c5 4. exd5 Qxd5 5. Ngf3 cxd4 6. Bc4 Qd7 7. O-O Nf6 8.
Nb3 Nc6 9. Nbxd4 Bc5 10. Nxc6 Qxc6 11. Ne5 Qb6 12. Qe2 O-O 13. c3 Nd5 14. Nd3
Bd6 15. Bxd5 exd5 16. Bf4 d4 17. c4 Bf5 18. Bxd6 Qxd6 19. Rfe1 Rad8 20. Rad1
Qc6 21. b3 Rfe8 22. Qd2 h6 23. h3 b6 24. Qf4 Rxe1+ 25. Nxe1 Qe6 26. Nd3 g5 27.
Qd2 a5 28. Re1 Qd6 29. Re2 Qa3 30. f3 Qd6 31. Kf1 Qg6 32. Ne5 d3 33. Re3 Qd6
34. Ng4 Bxg4 35. hxg4 Qd4 36. Re4 Qa1+ 37. Re1 Qd4 38. Re4 Qd6 39. Kf2 Qc5+ 40.
Kf1 Qd6 41. Ke1 1/2-1/2

[Event "Open International de Cappelle-la-Grand"]
[Site "Cappelle-la-Grande"]
[Date "2014.03.04"]
[Round "5.7"]
[White "Iturrizaga, Eduardo"]
[Black "Gao, Rui"]
[Result "1/2-1/2"]
[WhiteElo "2645"]
[BlackElo "2468"]
[PlyCount "102"]
[EventDate "2014.??.??"]
[TimeControl "5400+1415"]
[WhiteClock "0:23:58"]
[BlackClock "0:17:45"]

1. c4 Nf6 2. Nc3 e5 3. Nf3 Nc6 4. a3 d5 5. cxd5 Nxd5 6. Qc2 Nxc3 7. dxc3 Bd6 8.
e4 O-O 9. Be2 a5 10. O-O Qe7 11. Re1 h6 12. Rb1 Be6 13. b4 axb4 14. cxb4 Bg4
15. Bb2 Nd8 16. Nd4 exd4 17. Bxg4 Nc6 18. Qd1 Qf6 19. g3 g5 20. Qb3 Be5 21. Qd3
Qg7 22. Bd7 Ne7 23. Rbc1 Rfd8 24. Bg4 Ng6 25. Bh5 Rac8 26. Kh1 Bf6 27. f4 gxf4
28. Bxg6 fxg6 29. gxf4 Bh4 30. Rf1 c6 31. Rc2 b6 32. Qh3 Qe7 33. Rg2 Kh7 34.
Bxd4 Qxe4 35. Bxb6 Rd2 36. Bf2 Bxf2 37. Qxc8 Bg3 38. Qh3 Bf2 39. f5 g5 40. f6
Kg6 41. f7 Kxf7 42. Qxh6 Qf3 43. Qxg5 Rd1 44. Qg7+ Ke8 45. Qe5+ Kf7 46. Qc7+
Kf8 47. Qc8+ Ke7 48. Qb7+ Kd8 49. Qb8+ Kd7 50. Qb7+ Kd8 51. Qb8+ Kd7 1/2-1/2

[Event "Open International de Cappelle-la-Grand"]
[Site "Cappelle-la-Grande"]
[Date "2014.03.04"]
[Round "5.8"]
[White "Velten, Paul"]
[Black "Negi, Parimarjan"]
[Result "1/2-1/2"]
[WhiteElo "2429"]
[BlackElo "2638"]
[PlyCount "42"]
[EventDate "2014.??.??"]
[TimeControl "6000+1540"]
[WhiteClock "1:13:24"]
[BlackClock "0:42:07"]

1. d4 Nf6 2. Nf3 g6 3. c4 Bg7 4. Nc3 d5 5. Bg5 Ne4 6. Bf4 Nxc3 7. bxc3 c5 8. e3
O-O 9. cxd5 cxd4 10. cxd4 Qxd5 11. Be2 Qa5+ 12. Qd2 Qxd2+ 13. Kxd2 Nc6 14. Rhc1
Rd8 15. Bd3 e5 16. Nxe5 Bxe5 17. Bxe5 Nxe5 18. dxe5 Bf5 19. Rc3 Rd5 20. Ke2
Bxd3+ 21. Rxd3 Rxe5 1/2-1/2

[Event "Open International de Cappelle-la-Grand"]
[Site "Cappelle-la-Grande"]
[Date "2014.03.04"]
[Round "5.9"]
[White "Barbosa, Evandro Amorim"]
[Black "Sumets, Andrey"]
[Result "1/2-1/2"]
[WhiteElo "2459"]
[BlackElo "2628"]
[PlyCount "90"]
[EventDate "2014.??.??"]
[TimeControl "6000+1470"]
[WhiteClock "0:23:55"]
[BlackClock "0:17:31"]

1. e4 e6 2. d4 d5 3. Nc3 dxe4 4. Nxe4 Nf6 5. Nxf6+ gxf6 6. Nf3 Nc6 7. c3 Qd5 8.
g3 Ne7 9. Bg2 Qe4+ 10. Be3 Nd5 11. Qe2 Nxe3 12. fxe3 Bh6 13. Ng5 Qg6 14. Ne4
O-O 15. O-O f5 16. Nc5 Rb8 17. e4 fxe4 18. Bxe4 f5 19. Bg2 b6 20. Nb3 f4 21.
Be4 Qg7 22. Kh1 Kh8 23. gxf4 Bxf4 24. Qh5 Bd7 25. Rf3 Qh6 26. Qxh6 Bxh6 27.
Raf1 Rxf3 28. Rxf3 Rf8 29. Rxf8+ Bxf8 30. Nc1 Kg7 31. Nd3 Bd6 32. Kg2 h6 33.
Ne5 Be8 34. h4 c5 35. Kf3 cxd4 36. cxd4 Bh5+ 37. Kf4 Kf6 38. Bg2 Bg6 39. a3 a5
40. Bc6 Bc2 41. Bb5 Bb3 42. Bc6 Bd5 43. Bb5 Bc7 44. Be8 Ke7 45. Bb5 Kf6 1/2-1/2

[Event "Open International de Cappelle-la-Grand"]
[Site "Cappelle-la-Grande"]
[Date "2014.03.04"]
[Round "5.10"]
[White "Vorobiov, Evgeny E"]
[Black "Georgescu, Tiberiu-Marian"]
[Result "1-0"]
[WhiteElo "2590"]
[BlackElo "2468"]
[PlyCount "73"]
[EventDate "2014.??.??"]
[TimeControl "6000+965"]
[WhiteClock "0:03:24"]
[BlackClock "0:00:38"]

1. d4 d5 2. c4 e6 3. Nf3 Nf6 4. Nc3 Nbd7 5. cxd5 exd5 6. Bf4 c6 7. e3 Nh5 8.
Bg5 Be7 9. Bxe7 Qxe7 10. Be2 Nhf6 11. O-O O-O 12. Qc2 Ne8 13. Bd3 g6 14. Rfe1
Ndf6 15. Ne5 Nd6 16. b4 Nfe4 17. Nxe4 dxe4 18. Bf1 Be6 19. Nc4 Nxc4 20. Bxc4
Bxc4 21. Qxc4 a5 22. a3 Rfd8 23. b5 cxb5 24. Qxb5 Rdc8 25. a4 Rc2 26. Rab1 Rac8
27. Qxa5 Qf6 28. Rf1 Ra2 29. Qb6 Rc6 30. Qxb7 Rcc2 31. Rb6 Qf5 32. Rb5 Qg4 33.
Qb8+ Rc8 34. h3 Qd7 35. Qe5 Rxa4 36. Rb8 f5 37. Rc1 1-0

[Event "Open International de Cappelle-la-Grand"]
[Site "Cappelle-la-Grande"]
[Date "2014.03.04"]
[Round "5.11"]
[White "Carmaciu, Lucian-Catalin"]
[Black "Vazquez Igarza, Renier"]
[Result "0-1"]
[WhiteElo "2423"]
[BlackElo "2577"]
[PlyCount "100"]
[EventDate "2014.??.??"]
[TimeControl "6000+1280"]
[WhiteClock "0:17:22"]
[BlackClock "0:23:33"]

1. e4 c5 2. Nf3 e6 3. c3 Nf6 4. e5 Nd5 5. Bc4 d6 6. exd6 Bxd6 7. d4 Nc6 8. dxc5
Bxc5 9. O-O O-O 10. Nbd2 Nf6 11. Qe2 Be7 12. Ne4 Qc7 13. Re1 Rd8 14. Nxf6+ Bxf6
15. h4 b6 16. Bb3 h6 17. Qe4 Bb7 18. Qg4 Na5 19. Bc2 Nc4 20. Bf4 Qc5 21. Bxh6
Nxb2 22. Ng5 Nd3 23. Bxd3 Rxd3 24. Nxf7 Qf5 25. Qxf5 exf5 26. Ne5 Bxe5 27. Rxe5
gxh6 28. Rxf5 Rf8 29. Re5 Rxc3 30. Rd1 Rf7 31. Rd8+ Kg7 32. Ree8 h5 33. Rg8+
Kf6 34. f3 Rc5 35. Rd4 Bd5 36. a4 Ke5 37. Rb4 Rc1+ 38. Kh2 Rc4 39. Rb5 Rxh4+
40. Kg3 Rd4 41. a5 h4+ 42. Kh3 bxa5 43. Rxa5 Kf6 44. Kh2 Be6 45. Rh8 Kg7 46.
Rah5 Bf5 47. Rxh4 Rxh4+ 48. Rxh4 a5 49. Rh5 Kg6 50. g4 Rh7 0-1

[Event "Open International de Cappelle-la-Grand"]
[Site "Cappelle-la-Grande"]
[Date "2014.03.04"]
[Round "5.12"]
[White "Bachmann, Axel"]
[Black "Vishnu Prasanna, V."]
[Result "1-0"]
[WhiteElo "2575"]
[BlackElo "2462"]
[PlyCount "97"]
[EventDate "2014.??.??"]
[TimeControl "6000+1450"]
[WhiteClock "0:28:08"]
[BlackClock "0:24:30"]

1. d4 d5 2. c4 e6 3. Nf3 c5 4. cxd5 exd5 5. g3 Nc6 6. Bg2 Nf6 7. O-O Be7 8. Nc3
O-O 9. dxc5 Bxc5 10. Na4 Be7 11. Be3 Re8 12. Rc1 Bg4 13. h3 Bxf3 14. exf3 d4
15. Bd2 d3 16. Re1 Nd4 17. Nc3 Nc2 18. Re5 Qd4 19. f4 Bc5 20. Qf3 Rad8 21.
Rxe8+ Nxe8 22. Bf1 Nd6 23. Bxd3 Nb4 24. Bxh7+ Kxh7 25. Be3 Qc4 26. Ne2 Qe4 27.
Qh5+ Kg8 28. Rxc5 Qb1+ 29. Rc1 Qxa2 30. Bd4 Ne8 31. Bc3 Qa4 32. Nd4 Nd3 33. Rd1
Nf6 34. Qf3 Nc5 35. Nc2 Rxd1+ 36. Qxd1 Nfe4 37. Bd4 Nb3 38. Qd3 Nbc5 39. Qe2
Qc6 40. b4 Nb3 41. Bxa7 Ned2 42. Ne1 b6 43. Qe7 Qc1 44. Kg2 Qc6+ 45. Kg1 Qc1
46. Kg2 Qc6+ 47. f3 Nc4 48. Qd8+ Kh7 49. Qd3+ 1-0

[Event "Open International de Cappelle-la-Grand"]
[Site "Cappelle-la-Grande"]
[Date "2014.03.05"]
[Round "6.1"]
[White "Fier, Alexandr"]
[Black "Ganguly, Surya Shekhar"]
[Result "0-1"]
[WhiteElo "2595"]
[BlackElo "2623"]
[PlyCount "112"]
[EventDate "2014.??.??"]
[TimeControl "6000+1340"]
[WhiteClock "0:41:07"]
[BlackClock "0:13:17"]

1. Nf3 Nf6 2. c4 e6 3. Nc3 d5 4. d4 c5 5. cxd5 Nxd5 6. e4 Nxc3 7. bxc3 cxd4 8.
cxd4 Bb4+ 9. Bd2 Bxd2+ 10. Qxd2 O-O 11. Bc4 Nd7 12. O-O b6 13. Rad1 Bb7 14.
Rfe1 Rc8 15. Bb3 Qf6 16. Ba4 Rfd8 17. Bxd7 Rxd7 18. d5 h6 19. Re3 exd5 20. e5
Qf4 21. Nd4 Re7 22. g3 Qg4 23. f3 Qh5 24. f4 Rec7 25. Rde1 Qg4 26. e6 fxe6 27.
Rxe6 Rf8 28. Re7 Rxe7 29. Rxe7 Rf7 30. Re8+ Rf8 31. Re7 Rf7 32. Re8+ Rf8 33.
Re5 Qg6 34. Re7 Bc8 35. Rxa7 Qb1+ 36. Kg2 Re8 37. Nf3 Bf5 38. Kf2 Bd3 39. Ne5
Qf1+ 40. Ke3 Be4 41. Qc3 Qg1+ 42. Kd2 Qxh2+ 43. Kc1 d4 44. Qc4+ Kh8 45. Nf7+
Kh7 46. Nd6 Qg1+ 47. Kb2 Qf2+ 48. Ka1 Qe1+ 49. Kb2 Qf2+ 50. Ka1 Qe1+ 51. Kb2
Qd2+ 52. Kb3 Qe3+ 53. Kb4 Qe1+ 54. Ka4 Re7 55. Ra6 Qd1+ 56. Ka3 Bd3 0-1

[Event "Open International de Cappelle-la-Grand"]
[Site "Cappelle-la-Grande"]
[Date "2014.03.05"]
[Round "6.2"]
[White "Piorun, Kacper"]
[Black "Vovk, Andrey"]
[Result "0-1"]
[WhiteElo "2570"]
[BlackElo "2605"]
[PlyCount "78"]
[EventDate "2014.??.??"]
[TimeControl "6000+1635"]
[WhiteClock "0:00:37"]
[BlackClock "0:06:49"]

1. c4 f5 2. g3 Nf6 3. Nf3 g6 4. Bg2 Bg7 5. d4 O-O 6. Nc3 d6 7. O-O c6 8. Qb3
Na6 9. Qa3 Nc7 10. Rd1 h6 11. d5 Bd7 12. dxc6 bxc6 13. b4 a5 14. b5 Ne4 15. Bb2
Bxc3 16. Bxc3 cxb5 17. Bxa5 Qb8 18. Bxc7 Rxa3 19. Bxb8 Rxb8 20. Ne5 Be8 21.
Bxe4 fxe4 22. Ng4 bxc4 23. Ne3 Bf7 24. Rd4 c3 25. Rxe4 e5 26. Rc1 Rc8 27. f4
Rxa2 28. fxe5 d5 29. Rd4 Rxe2 30. Nxd5 Bxd5 31. Rxd5 c2 32. Rd6 Kg7 33. Rd7+
Kf8 34. e6 Ke8 35. Rg7 Rd8 36. Rg8+ Ke7 37. Rg7+ Kxe6 38. Kf1 Rxh2 39. Re1+ Kf6
0-1

[Event "Open International de Cappelle-la-Grand"]
[Site "Cappelle-la-Grande"]
[Date "2014.03.05"]
[Round "6.3"]
[White "Gupta, Abhijeet"]
[Black "Rusev, Krasimir"]
[Result "1-0"]
[WhiteElo "2630"]
[BlackElo "2541"]
[PlyCount "63"]
[EventDate "2014.??.??"]
[TimeControl "5400+1270"]
[WhiteClock "0:10:30"]
[BlackClock "0:10:37"]

1. d4 Nf6 2. c4 e6 3. g3 d5 4. Nf3 dxc4 5. Bg2 Nc6 6. Qa4 Bd7 7. Qxc4 Na5 8.
Qd3 c5 9. Ne5 Nc6 10. Nxc6 Bxc6 11. Bxc6+ bxc6 12. Be3 Ng4 13. dxc5 Qxd3 14.
exd3 Nxe3 15. fxe3 Rb8 16. b3 Bxc5 17. Ke2 Bb4 18. Rc1 Kd7 19. a3 Bd6 20. Nd2
h5 21. Rc4 h4 22. gxh4 Bxh2 23. b4 a5 24. bxa5 Bc7 25. Rf1 f6 26. Rg4 Rb2 27.
Rxg7+ Kc8 28. a6 Rxh4 29. Rg8+ Bd8 30. d4 Rh2+ 31. Kf3 Rhxd2 32. Rxd8+ 1-0

[Event "Open International de Cappelle-la-Grand"]
[Site "Cappelle-la-Grande"]
[Date "2014.03.05"]
[Round "6.4"]
[White "Heberla, Bartlomiej"]
[Black "Vorobiov, Evgeny E"]
[Result "1/2-1/2"]
[WhiteElo "2544"]
[BlackElo "2590"]
[PlyCount "41"]
[EventDate "2014.??.??"]
[TimeControl "6000+1035"]
[WhiteClock "1:12:14"]
[BlackClock "0:56:38"]

1. e4 c5 2. Nc3 e6 3. f4 d5 4. exd5 exd5 5. Bb5+ Nc6 6. Nf3 Nf6 7. O-O Be7 8.
Bxc6+ bxc6 9. Ne5 Qc7 10. b3 O-O 11. Ba3 Bd6 12. Na4 Bxe5 13. fxe5 Qxe5 14. Qe1
Qd4+ 15. Qe3 Qxe3+ 16. dxe3 Ne4 17. Nxc5 Re8 18. Nxe4 Rxe4 19. Bc5 a6 20. Rf4
Rxf4 21. exf4 1/2-1/2

[Event "Open International de Cappelle-la-Grand"]
[Site "Cappelle-la-Grande"]
[Date "2014.03.05"]
[Round "6.5"]
[White "Vazquez Igarza, Renier"]
[Black "Kveinys, Aloyzas"]
[Result "1/2-1/2"]
[WhiteElo "2577"]
[BlackElo "2530"]
[PlyCount "53"]
[EventDate "2014.??.??"]
[TimeControl "5400+1645"]
[WhiteClock "0:22:14"]
[BlackClock "0:13:58"]

1. Nf3 c5 2. c4 Nf6 3. Nc3 e6 4. g3 d5 5. cxd5 Nxd5 6. Bg2 Nc6 7. O-O Be7 8. d4
O-O 9. Nxd5 exd5 10. Be3 c4 11. Ne5 Bf5 12. Qa4 Rc8 13. Nxc6 bxc6 14. Rfc1 Qb6
15. b3 Qb4 16. Qxa7 Qa3 17. Qb7 Bb4 18. bxc4 Bc3 19. cxd5 Bxa1 20. Rxa1 Rb8 21.
Qc7 Qxa2 22. Rf1 cxd5 23. Qe5 Be4 24. Bxe4 dxe4 25. Qxe4 Qxe2 26. Kg2 Rfe8 27.
Qf3 1/2-1/2

[Event "Open International de Cappelle-la-Grand"]
[Site "Cappelle-la-Grande"]
[Date "2014.03.05"]
[Round "6.6"]
[White "Jovanic, Ognjen"]
[Black "Bachmann, Axel"]
[Result "0-1"]
[WhiteElo "2526"]
[BlackElo "2575"]
[PlyCount "58"]
[EventDate "2014.??.??"]
[TimeControl "6000+1080"]
[WhiteClock "0:09:35"]
[BlackClock "0:51:26"]

1. d4 Nf6 2. c4 e6 3. Nf3 Bb4+ 4. Bd2 a5 5. e3 b6 6. Bd3 Bb7 7. Nc3 O-O 8. O-O
Bxc3 9. Bxc3 Ne4 10. Bxe4 Bxe4 11. d5 f6 12. Nd2 Bg6 13. e4 e5 14. b3 d6 15. g4
Nd7 16. Qe2 h5 17. h3 hxg4 18. hxg4 f5 19. f4 Qh4 20. Qg2 fxg4 21. fxe5 Nxe5
22. Bxe5 dxe5 23. Rxf8+ Rxf8 24. Rf1 Rf4 25. a3 g3 26. Rf3 Rxf3 27. Nxf3 Qf4
28. Nd2 Qe3+ 29. Kf1 Bh5 0-1

[Event "Open International de Cappelle-la-Grand"]
[Site "Cappelle-la-Grande"]
[Date "2014.03.05"]
[Round "6.7"]
[White "Gurevich, Mikhail"]
[Black "Maiorov, Nikita"]
[Result "1/2-1/2"]
[WhiteElo "2574"]
[BlackElo "2520"]
[PlyCount "81"]
[EventDate "2014.??.??"]
[TimeControl "6000+1300"]
[WhiteClock "0:44:45"]
[BlackClock "0:31:55"]

1. c4 Nf6 2. Nc3 e5 3. Nf3 Nc6 4. a3 g6 5. g3 Bg7 6. Bg2 O-O 7. O-O d6 8. d3 h6
9. Rb1 Be6 10. b4 a6 11. Nd2 Qd7 12. Nd5 Ne8 13. Ne4 Kh8 14. a4 f5 15. Nec3 Bf7
16. b5 axb5 17. axb5 Nd4 18. e3 Ne6 19. Bb2 Rd8 20. Ra1 Rb8 21. Ra7 Qd8 22. Qc2
Nc5 23. Na4 Nxa4 24. Qxa4 Be6 25. Ra1 f4 26. exf4 Bxd5 27. Bxd5 c6 28. Be4 exf4
29. Bxg7+ Nxg7 30. bxc6 fxg3 31. hxg3 bxc6 32. Qxc6 Qf6 33. Rf1 Rb1 34. Rxb1
Qxf2+ 35. Kh1 Nh5 36. Bg2 Nxg3+ 37. Kh2 Nf5 38. Qb7 Qf4+ 39. Kg1 Qd4+ 40. Kh2
Qf4+ 41. Kg1 1/2-1/2

[Event "Open International de Cappelle-la-Grand"]
[Site "Cappelle-la-Grande"]
[Date "2014.03.05"]
[Round "6.8"]
[White "Papin, Vasily"]
[Black "Kovacevic, Aleksandar"]
[Result "0-1"]
[WhiteElo "2515"]
[BlackElo "2572"]
[PlyCount "64"]
[EventDate "2014.??.??"]
[TimeControl "6000+550"]
[WhiteClock "0:50:54"]
[BlackClock "0:43:21"]

1. d4 Nf6 2. c4 e6 3. Nf3 b6 4. a3 Bb7 5. Nc3 d5 6. cxd5 Nxd5 7. Qc2 Nxc3 8.
bxc3 Nd7 9. e4 c5 10. Bf4 cxd4 11. cxd4 Rc8 12. Qb3 Be7 13. Bd3 Nf6 14. Qb5+
Bc6 15. Qb1 O-O 16. O-O Qd7 17. Re1 Ba4 18. Bd2 h6 19. h3 Rfd8 20. Qb2 Qb7 21.
Bf4 b5 22. Qe2 Rc3 23. Bc1 Rdc8 24. Bb2 Rc2 25. Bxc2 Rxc2 26. Qd3 Rxb2 27. Nd2
b4 28. axb4 Qxb4 29. Nf3 Bc2 30. Qa6 Bxe4 31. Ra4 Qb3 32. Ne5 Qc2 0-1

[Event "Open International de Cappelle-la-Grand"]
[Site "Cappelle-la-Grande"]
[Date "2014.03.05"]
[Round "6.9"]
[White "Chernyshov, Konstantin"]
[Black "Burmakin, Vladimir"]
[Result "1/2-1/2"]
[WhiteElo "2504"]
[BlackElo "2568"]
[PlyCount "41"]
[EventDate "2014.??.??"]
[TimeControl "6000+890"]
[WhiteClock "0:57:01"]
[BlackClock "0:54:21"]

1. e4 c6 2. Nc3 d5 3. d4 dxe4 4. Nxe4 Bf5 5. Ng3 Bg6 6. Nf3 Nd7 7. h4 h6 8. h5
Bh7 9. Bd3 Bxd3 10. Qxd3 e6 11. Bf4 Qa5+ 12. Bd2 Qc7 13. O-O-O O-O-O 14. Kb1
Ngf6 15. Ne4 c5 16. Nxf6 Nxf6 17. Qc4 Rd5 18. Be3 cxd4 19. Qxc7+ Kxc7 20. Rxd4
Bd6 21. Rhd1 1/2-1/2

[Event "Open International de Cappelle-la-Grand"]
[Site "Cappelle-la-Grande"]
[Date "2014.03.05"]
[Round "6.10"]
[White "Wan, Yunguo"]
[Black "Spraggett, Kevin"]
[Result "1-0"]
[WhiteElo "2504"]
[BlackElo "2557"]
[PlyCount "91"]
[EventDate "2014.??.??"]
[TimeControl "6000+1460"]
[WhiteClock "0:15:02"]
[BlackClock "0:00:38"]

1. e4 d6 2. d4 Nf6 3. Nc3 g6 4. Bg5 c6 5. a4 Nbd7 6. Nf3 Qa5 7. Bd3 e5 8. dxe5
dxe5 9. Nd2 Qc7 10. Nc4 h6 11. Bc1 a5 12. Qf3 Bc5 13. O-O Kf8 14. Be3 Kg7 15.
Rad1 Re8 16. Be2 Re6 17. Qg3 b6 18. f4 exf4 19. Rxf4 Bxe3+ 20. Nxe3 Qe5 21.
Rdf1 Ba6 22. Bxa6 Rxa6 23. Ng4 Qc5+ 24. Kh1 Qe7 25. Ne2 Nxg4 26. Rxf7+ Qxf7 27.
Rxf7+ Kxf7 28. Qxg4 Nf6 29. Qf3 Rxe4 30. h3 Ra7 31. Nc3 Re6 32. Qf2 c5 33. Nd5
Rd7 34. Nf4 Re4 35. Qg3 g5 36. Nd3 Kg7 37. b3 c4 38. bxc4 Rxc4 39. Ne5 Rd1+ 40.
Kh2 Re4 41. Qc3 Red4 42. Qf3 g4 43. hxg4 h5 44. gxh5 Rh4+ 45. Kg3 Rdd4 46. h6+
1-0

[Event "Open International de Cappelle-la-Grand"]
[Site "Cappelle-la-Grande"]
[Date "2014.03.05"]
[Round "6.11"]
[White "Manolache, Marius"]
[Black "Brodsky, Michail"]
[Result "1-0"]
[WhiteElo "2495"]
[BlackElo "2554"]
[PlyCount "87"]
[EventDate "2014.??.??"]
[TimeControl "6000+1570"]
[WhiteClock "0:18:06"]
[BlackClock "0:26:40"]

1. d4 Nf6 2. c4 e6 3. Nf3 b6 4. Bf4 Bb7 5. e3 c5 6. Nc3 cxd4 7. Nxd4 a6 8. Rc1
Nc6 9. Nb3 Na7 10. Bd6 Bxd6 11. Qxd6 Nc8 12. Qd4 O-O 13. e4 d6 14. Be2 Qc7 15.
O-O Ne7 16. Rfd1 Rad8 17. Rd2 Nc6 18. Qe3 Ne5 19. Rcd1 Rfe8 20. f3 d5 21. cxd5
exd5 22. Qg5 Ng6 23. Qg3 Nf4 24. Bf1 Qe5 25. Qf2 b5 26. Nc5 b4 27. Ne2 Nxe2+
28. Bxe2 Qb8 29. Qd4 Nh5 30. Qxb4 Qa7 31. Qd4 Nf4 32. Bf1 Qa8 33. Nxb7 Qxb7 34.
exd5 Ne6 35. Qf2 Nf4 36. Qd4 Ne6 37. Qf2 Nf4 38. d6 Rd7 39. g3 Ne6 40. f4 Red8
41. Bc4 Qc6 42. Bd5 Qb5 43. Bxe6 fxe6 44. Qe3 1-0

[Event "Open International de Cappelle-la-Grand"]
[Site "Cappelle-la-Grande"]
[Date "2014.03.05"]
[Round "6.12"]
[White "Kharitonov, Alexandr"]
[Black "Ulibin, Mikhail"]
[Result "1-0"]
[WhiteElo "2554"]
[BlackElo "2491"]
[PlyCount "107"]
[EventDate "2014.??.??"]
[TimeControl "6000+1145"]
[WhiteClock "0:45:25"]
[BlackClock "0:00:39"]

1. d4 d5 2. c4 c5 3. cxd5 Qxd5 4. Nf3 cxd4 5. Nc3 Qa5 6. Nxd4 Nf6 7. Bd2 e5 8.
Ndb5 Na6 9. Rc1 Be7 10. e4 O-O 11. Bc4 Qd8 12. Be3 Bc5 13. Qe2 Qb6 14. Bd2 Be6
15. Bxe6 Qxe6 16. O-O h6 17. Be3 Rfc8 18. Rfd1 b6 19. h3 Bxe3 20. Qxe3 Nc7 21.
Nd6 Rd8 22. Nf5 Kh7 23. Rd3 Rac8 24. Rcd1 Rxd3 25. Rxd3 Nce8 26. Rd1 a6 27. a4
Rc4 28. f3 Rc7 29. Qd3 g6 30. Ne3 Qc8 31. Ncd5 Nxd5 32. Nxd5 Rc1 33. Rxc1 Qxc1+
34. Kh2 Qxb2 35. Qxa6 Nd6 36. Qxb6 Qxb6 37. Nxb6 Kg7 38. Kg3 f6 39. Kf2 Kf7 40.
Ke3 Ke6 41. Kd3 f5 42. exf5+ gxf5 43. Kc3 h5 44. a5 h4 45. a6 e4 46. fxe4 fxe4
47. Kd4 Kf5 48. Ke3 Nb5 49. Nc8 Nc7 50. a7 Nd5+ 51. Ke2 Nc7 52. Ne7+ Kg5 53.
Nd5 Na8 54. Ke3 1-0